 Dungeon Crawl Stone Soup version 0.27-a0-988-g25969acef8 (webtiles) character file.

Game seed: 591148936348427600

7 siradein the Twirler (level 1, 0/16 HPs)
             Began as a Demonspawn Gladiator on Apr 15, 2021.
             Slain by a quokka (3 damage)
             ... on level 1 of the Dungeon.
             The game lasted 00:00:46 (376 turns).

siradein the Twirler (Demonspawn Gladiator)          Turns: 376, Time: 00:00:47

Health: 0/16       AC:  4    Str: 14    XL:     1   Next: 83%
Magic:  1/1        EV: 12    Int:  9    God:
Gold:   8          SH:  0    Dex: 14    Spells: 0/0 levels left

rFire    . . .     SeeInvis .   a - +0 quarterstaff
rCold    . . .     Faith    .   (shield currently unavailable)
rNeg     . . .     Spirit   .   b - +0 leather armour
rPois    .         Reflect  .   c - +0 helmet
rElec    .         Harm     .   (no cloak)
rCorr    .         Rampage  .   (no gloves)
Will     .....                  (no boots)
Stlth    +.........             (no amulet)
HPRegen  0.05/turn              (no ring)
MPRegen  0.07/turn              (no ring)

@: no status effects
A: no striking features
a: no special abilities


You were on level 1 of the Dungeon.
You visited 1 branch of the dungeon, and saw 1 of its levels.

You collected 8 gold pieces.

Inventory:

Hand Weapons
 a - a +0 quarterstaff (weapon)
Missiles
 d - 3 throwing nets (quivered)
Armour
 b - a +0 leather armour (worn)
 c - a +0 helmet (worn)
Potions
 e - a potion of lignification {unknown}
 f - a potion of heal wounds {unknown}


   Skills:
 - Level 2.0 Fighting
 + Level 3.1 Staves
 - Level 1.7 Throwing
 - Level 2.6 Dodging


You couldn't memorise any spells.
You didn't know any spells.
Your spell library was empty.

Dungeon Overview and Level Annotations

Branches:
Dungeon (1/15)

Altars:


Message History

The hobgoblin is lightly wounded.
The hobgoblin closely misses you.
You sock the hobgoblin!
You kill the hobgoblin!
HP restored.
A kobold comes into view. It is wielding a +0 whip.
The kobold shouts!
You hit the kobold but do no damage. The kobold hits you with a +0 whip.
You sock the kobold!
You kill the kobold!
Things that are here:
a +0 whip; 5 stones You now have 8 gold pieces.
A ball python comes into view.
The ball python hisses angrily.
A quokka comes into view.
Found a hunting sling and a coppery potion.
The ball python bites you. The ball python grabs you.
The ball python constricts you.
You sock the ball python!
You kill the ball python!
A quokka is nearby!
You miss the quokka. The quokka bites you.
You closely miss the quokka. The quokka completely misses you.
The quokka bites you.
You barely miss the quokka. The quokka bites you.
You hit the quokka.
The quokka is severely wounded.
The quokka closely misses you. The quokka bites you.
You hit the quokka but do no damage.
The quokka is severely wounded.
The quokka bites you.
* * * LOW HITPOINT WARNING * * *
You miss the quokka.
The quokka is severely wounded.
The quokka barely misses you.
You barely miss the quokka.
The quokka is severely wounded.
The quokka bites you.
You die...

#....!#
#.....##
#....).
#.....#
#..... ....
#r#######. #
#@..........
##....###.#
#........#
#.....###
#.....# #.
#####.####.#.
##.^....#. ##
#....#..#.#.#
#.##.#..#...#


You could see a quokka.

Vanquished Creatures
  A goblin (D:1)
  2 hobgoblins (D:1)
  A ball python (D:1)
  A frilled lizard (D:1)
  A kobold (D:1)
  A rat (D:1)
7 creatures vanquished.

Notes
Turn   | Place    | Note
-------+----------+-------------------------------------------
     0 | D:1      | siradein the Demonspawn Gladiator began the quest for the
                  | Orb.
     0 | D:1      | Reached XP level 1. HP: 16/16 MP: 1/1
   177 | D:1      | Reached skill level 3 in Staves
   376 | D:1      | Slain by a quokka

Illustrated notes

Levels and vault maps discovered:
D:1:      tarquinn_simple_flora_water_a, layout_basic, serial_curves,
          eino_curves_03, eino_curves_02

Skill      XL: |  1 |
---------------+----+-----
Staves         | 3 |  3.1
Fighting       | |  2.0
Throwing       | |  1.7
Dodging        | |  2.6

Action                   || total
-------------------------++-------
Melee: Quarterstaff      ||    22
Armor: Leather armour    ||     2
Dodge: Dodged            ||     8

Table legend: (Time is in decaauts)
 A = Elapsed time spent in this place.
 B = Non-inter-level travel time spent in this place.
 C = Inter-level travel time spent in this place.
 D = Time resting spent in this place.
 E = Time spent auto-exploring this place.
 F = Levels seen in this place.
 G = Mean time per level.
                   A        B        C        D        E       F      G
               +--------+--------+--------+--------+--------+-----+--------+
         Total |    379 |    379 |      0 |      0 |    323 |   1 |  379.0 |
       Dungeon |    379 |    379 |      0 |      0 |    323 |   1 |  379.0 |
               +--------+--------+--------+--------+--------+-----+--------+

Top non-repeatable levels by time:
     D:1: 379 daAuts
